 Dungeon Crawl Stone Soup version 0.21-a0-509-gecc5317 (webtiles) character file.

1411 BingusPrime the Cutter (level 8, -5/78 HPs)
             Began as a Troll Berserker on Nov 30, 2017.
             Was an Elder of Trog.
             Slain by a gnoll
             ... wielding a +0 spear
              (7 damage)
             ... on level 5 of the Dungeon.
             The game lasted 00:22:15 (3465 turns).

BingusPrime the Cutter (Troll Berserker)            Turns: 3465, Time: 00:22:17

Health: -5/78      AC:  7    Str: 26    XL:     8   Next: 43%
Magic:  7/7        EV: 11    Int:  4    God:    Trog [****..]
Gold:   231        SH:  0    Dex: 10    Spells: 7/7 levels left

rFire    . . .     SeeInvis .   f - +2 dagger (elec)
rCold    . . .     Gourm    +   (no shield)
rNeg     . . .     Faith    .   q - +0 troll leather armour
rPois    .         Spirit   .   (helmet restricted)
rElec    .         Reflect  .   (no cloak)
rCorr    .         Harm     .   (gloves unavailable)
MR       .....                  (boots unavailable)
Stlth    +.........             (no amulet)
HPRegen  1.03/turn              (no ring)
MPRegen  0.10/turn              (no ring)

@: lethally poisoned (-5 -> -7), berserk cooldown, hasted and slowed
A: large, unfitting armour, claws 3, talons 1, fast metabolism 3, gourmand,
regeneration 1, shaggy fur 1, tough skin 2, evolution 1, subdued magic 1
a: Berserk, Trog's Hand, Brothers in Arms, Burn Spellbooks, Renounce Religion


You were on level 5 of the Dungeon.
You worshipped Trog.
Trog was greatly pleased with you.
You were very full.

You visited 1 branch of the dungeon, and saw 5 of its levels.

You collected 231 gold pieces.

Inventory:

Hand Weapons
 f - a +2 dagger of electrocution (weapon)
 r - a +0 dagger
 w - a +0 trident of venom
Missiles
 m - 3 large rocks (quivered)
Armour
 a - a +0 animal skin
 q - a +0 troll leather armour (worn)
Jewellery
 h - an uncursed ring of poison resistance {unknown}
Wands
 g - a wand of paralysis (11)
Scrolls
 j - a scroll of amnesia {unknown}
 k - 2 scrolls of teleportation {unknown}
 l - a scroll of fog {unknown}
 t - 2 scrolls of blinking {unknown}
 u - a scroll of identify
 v - a scroll of remove curse {unknown}
Potions
 n - 2 potions of curing {unknown}
 o - 2 potions of heal wounds {unknown}
 p - a potion of agility {unknown}
 s - a potion of ambrosia {unknown}
 x - a potion of brilliance {unknown}
 z - a potion of might {unknown}
Comestibles
 b - 5 bread rations
 c - 2 royal jellies
 d - 2 meat rations


   Skills:
 + Level 3.7 Fighting
 * Level 6.0 Short Blades
 + Level 2.8 Armour
 + Level 4.4 Dodging
 + Level 0.5 Stealth
 - Level 3.9 Unarmed Combat


You had 7 spell levels left.
You didn't know any spells.

Dungeon Overview and Level Annotations

Branches:
Dungeon (5/15)
 Temple: D:4-7

Altars:
Makhleb
Nemelex Xobeh


Innate Abilities, Weirdness & Mutations

You are too large for most types of armour.
You have claws for hands.
Your metabolism is lightning-fast.
You like to eat raw meat.
Your natural rate of healing is unusually fast.
You are covered in fur. (AC +1)
You have very tough skin. (AC +2)
You have sharp toenails.
You evolve.
Your spells are a little easier to cast, but a little less powerful.


Message History

You feel less resistant to hostile enchantments.
You feel very sick.
You feel very sick.
The gnoll hits you from afar with a spear.
* * * LOW HITPOINT WARNING * * *
Aiming: Paralyse
Press: ? - help, Shift-Dir - straight line, f - gnoll
Aim: a gnoll, wielding a spear (chance to defeat MR: 54%)
Okay, then.
It was a potion of haste.
You feel yourself speed up.
* * * LOW HITPOINT WARNING * * *
You feel very sick. The gnoll closely misses you.
It was a potion of mutation.
You feel extremely strange.
Your connection to magic feels subdued.
Your toenails lengthen and sharpen.
You feel nature experimenting on you.
Don't worry, failures die fast.
* * * LOW HITPOINT WARNING * * *
You feel sick.
The gnoll hits you from afar with a spear!
You die...

..# #.# #># #.. ##
.># #.# #.# ..# #.#
#.# ... #.# #.# .##
###.# #.# .. ...
..# #. # ##.## ###
#.#
##...############
#.# #
#.....).gg.@....#
#.#
#.#...".#########.#
##.# ##
#.......))(...#
##... ..
........#####.#
#####.... .#
######..# ##
......... .#
####..# #.....). .#
#.....# .........
.# #g##..#
......... .#
#.##.## .........


You could see 2 gnolls.

Vanquished Creatures
  The ghost of mad the Magician, an amateur NaWz (D:4)
  An ogre (D:4)
  A necrophage (D:4)
  A centaur (D:5)
  A gnoll sergeant (D:5)
  2 scorpions
  A crimson imp (D:5)
  A centaur zombie (D:5)
  A bullfrog skeleton (D:5)
  A centaur skeleton (D:4)
  9 orc wizards
  3 orc priests
  2 worker ants (D:4)
  Robin (D:3)
  A worker ant zombie (D:5)
  4 gnolls (D:5)
  10 adders
  A shadow imp (D:2)
  An ooze (D:4)
  An adder skeleton (D:4)
  5 worms
  3 dart slugs
  3 leopard geckos
  12 orcs
  3 ball pythons
  10 bats
  6 giant cockroaches
  12 goblins
  8 hobgoblins
  2 jackals (D:3)
  6 kobolds
  3 frilled lizards
  2 quokka skeletons
  10 rats
129 creatures vanquished.

Notes
Turn   | Place    | Note
-------+----------+-------------------------------------------
     0 | D:1      | BingusPrime the Troll Berserker began the quest for the Orb.
     0 | D:1      | Reached XP level 1. HP: 22/22 MP: 0/0
   150 | D:1      | Reached XP level 2. HP: 29/29 MP: 1/1
   997 | D:2      | Reached XP level 3. HP: 33/36 MP: 2/2
  1160 | D:2      | Reached ** piety under Trog
  1160 | D:2      | Reached XP level 4. HP: 34/45 MP: 3/3
  1597 | D:3      | Reached skill level 1 in Short Blades
  1784 | D:3      | Noticed Robin
  1810 | D:3      | Killed Robin
  1810 | D:3      | Reached XP level 5. HP: 52/53 MP: 4/4
  1821 | D:3      | Reached *** piety under Trog
  1883 | D:3      | Reached skill level 2 in Short Blades
  2154 | D:4      | Found a burning altar of Makhleb.
  2166 | D:4      | Noticed an ogre
  2177 | D:4      | Reached skill level 3 in Short Blades
  2180 | D:4      | Killed an ogre
  2180 | D:4      | Reached XP level 6. HP: 46/61 MP: 5/5
  2614 | D:4      | Reached skill level 4 in Short Blades
  2614 | D:4      | Reached XP level 7. HP: 67/67 MP: 6/6
  2659 | D:4      | Reached skill level 1 in Armour
  2989 | D:4      | Noticed mad's ghost (amateur NaWz)
  3006 | D:4      | Killed mad's ghost
  3006 | D:4      | Reached skill level 5 in Short Blades
  3035 | D:4      | Reached **** piety under Trog
  3059 | D:4      | Found a sparkling altar of Nemelex Xobeh.
  3126 | D:5      | Entered Level 5 of the Dungeon
  3138 | D:5      | Reached XP level 8. HP: 66/75 MP: 7/7
  3450 | D:5      | Reached skill level 6 in Short Blades
  3464 | D:5      | HP: 2/78 [poisoned by a gnoll sergeant]
  3465 | D:5      | Gained mutation: Your spells are a little easier to cast, but a little less powerful. [potion of mutation]
  3465 | D:5      | Gained mutation: You have sharp toenails. [potion of mutation]
  3465 | D:5      | Gained mutation: You evolve. [potion of mutation]
  3465 | D:5      | Slain by a gnoll

Vault maps used:
D:1:      evilmike_arrival_crescent, minmay_misc_feat_cross
D:3:      serial_glass, glass_columns_b, glass_columns_a, glass_columns_b,
          glass_columns_b, glass_columns_b, glass_columns_c, uniq_robin
D:4:      lemuel_doored_altar, nemelex_dance_club_becter
D:5:      zin_scriptorium, first_bread

Skill      XL: |  1  2  3  4  5  6  7  8 |
---------------+-------------------------+-----
Fighting       | 3 |  3.7
Dodging        | 3 4 |  4.4
Short Blades   | 1 3 4 5 6 |  6.0
Armour         | 2 |  2.8
Stealth        | |  0.5
Unarmed Combat | |  3.9

Action                   |  1- 3 |  4- 6 |  7- 9 || total
-------------------------+-------+-------+-------++-------
Melee: Unarmed           |    43 |       |       ||    43
       Dagger            |    63 |   173 |   132 ||   368
       Punch             |     1 |     1 |     2 ||     4
Invok: Berserk           |     1 |     2 |     6 ||     9
       Trog's Hand       |       |       |     1 ||     1
  Use: Scroll            |     3 |     3 |       ||     6
       Potion            |       |       |     2 ||     2
 Stab: Sleeping          |       |     1 |       ||     1
  Eat: Chunk             |     9 |    24 |    11 ||    44
Armor: Animal skin       |    43 |    16 |       ||    59
       Troll leather arm |       |    58 |    43 ||   101
Dodge: Dodged            |    48 |    89 |    42 ||   179

Table legend:
 A = Spawn XP
 B = Non-spawn XP
 C = Spawn XP percentage of total XP
 D = Spawn monster count
 E = Non-spawn monster count
 F = Spawn count percentage of total count
 G = Total turns spent on level
                    A         B        C        D         E        F      G
               +---------+---------+-------+---------+---------+-------+---------
         Total |       0 |    2017 |   0.0 |       0 |     129 |   0.0 |  3465
               +---------+---------+-------+---------+---------+-------+---------
           D:1 |       0 |      29 |   0.0 |       0 |      16 |   0.0 |   882
           D:2 |       0 |     101 |   0.0 |       0 |      22 |   0.0 |   700
           D:3 |       0 |     143 |   0.0 |       0 |      39 |   0.0 |   549
           D:4 |       0 |    1080 |   0.0 |       0 |      33 |   0.0 |   995
           D:5 |       0 |     664 |   0.0 |       0 |      19 |   0.0 |   339
               +---------+---------+-------+---------+---------+-------+---------
